 Dungeon Sprint DCSS version 0.20.1-1-g8b1a95d (webtiles) character file.

6665 potatolord6000 the Thaumaturge (level 10, 0/66 HPs)
             Began as a Deep Elf Summoner on Aug 30, 2017.
             Was a High Priest of Sif Muna.
             Slain by an Executioner (5 damage)
             ... in the Dungeon (Sprint V: "Ziggurat Sprint").
             The game lasted 00:19:44 (1445 turns).

potatolord6000 the Thaumaturge (Deep Elf Summoner)  Turns: 1445, Time: 00:19:44

Health: 0/66       AC:  4    Str:  5    XL:     10   Next: 73%
Magic:  0/29       EV: 21    Int: 36    God:    Sif Muna [*****.]
Gold:   0          SH:  0    Dex: 15    Spells: 7/36 levels left

rFire    . . .     SeeInvis .   n - staff of energy
rCold    . . .     Gourm    .   (no shield)
rNeg     . . .     Faith    .   u - +2 robe
rPois    .         Spirit   .   (no helmet)
rElec    .         Reflect  .   (no cloak)
rCorr    .         Harm     .   (no gloves)
MR       +....     NoTele   +   (no boots)
Stlth    ++........             a - amulet of regeneration
Regen    0.7/turn               p - +6 ring of intelligence
MPRegen  0.3/turn               q - +6 ring of intelligence

@: weakened, hasted, drained, very quick
A: no striking features
a: Divine Energy, Channel Magic, Forget Spell, Renounce Religion


You were in the Dungeon.
You worshipped Sif Muna.
Sif Muna was extremely pleased with you.
You were not hungry.

You visited 1 branch

Inventory:

Hand Weapons
 i - a +2 halberd of flaming
Armour
 u - a +2 robe (worn)
Magical Staves
 n - an uncursed staff of energy (weapon)
Jewellery
 a - an amulet of regeneration (around neck)
 p - a +6 ring of intelligence (left hand)
 q - a +6 ring of intelligence (right hand)
Wands
 j - a wand of disintegration (6/24)
 k - a wand of iceblast (1/15)
 l - a wand of lightning (2/15)
Scrolls
 x - 2 scrolls of amnesia
 y - 3 scrolls of recharging
 z - 7 scrolls of fog
 A - a scroll of holy word
 B - 5 scrolls of identify
 C - 5 scrolls of remove curse
 D - a scroll of fear
Potions
 d - 9 potions of curing
 e - a potion of heal wounds
 f - 2 potions of haste
 g - 5 potions of magic
 h - 3 potions of berserk rage
 r - 2 potions of brilliance
 t - 4 potions of resistance
 v - 4 potions of agility
 w - 4 potions of might
Books
 b - a book of Callings

   Spells                             Type                      Level
   a - Summon Small Mammal            Summoning                    1
   b - Call Imp                       Summoning                    2
   c - Call Canine Familiar           Summoning                    3
   d - Summon Guardian Golem          Hexes/Summoning              3
   e - Summon Lightning Spire         Summoning/Air                4
   f - Summon Ice Beast               Ice/Summoning                4
Miscellaneous
 o - a crystal ball of energy
Comestibles
 c - 5 bread rations
 E - 42 fruits
 F - 3 meat rations


   Skills:
 + Level 9.1(8.6) Fighting
 + Level 10.7(10.1) Staves
 + Level 12.8(12.2) Dodging
 - Level 2.4(1.9) Stealth
 + Level 13.7(13.1) Spellcasting
 + Level 12.4(11.8) Summonings
 + Level 11.5(11.0) Evocations


You had 7 spell levels left.
You knew the following spells:

 Your Spells              Type           Power        Failure   Level  Hunger
a - Summon Lightning Spi  Summ/Air       ######..     1%          4    None
b - Call Canine Familiar  Summ           #######.     1%          3    None
c - Summon Ice Beast      Ice/Summ       ######..     1%          4    None
d - Summon Guardian Gole  Hex/Summ       ######..     1%          3    None
e - Spectral Weapon       Hex/Chrm       ###.....     4%          3    None
f - Monstrous Menagerie   Summ           #######...   11%         7    None
g - Summon Mana Viper     Hex/Summ       ######..     4%          5    None


Dungeon Overview and Level Annotations

Branches:
Dungeon (1/1)

Altars:
Ashenzari
Cheibriados
Dithmenos
Elyvilon
Fedhas
Gozag
Hepliaklqana
Kikubaaqudgha
Makhleb
Nemelex Xobeh
Okawaru
Qazlal
Ru
Sif Muna
Trog
Uskayaw
Vehumet
Xom
Yredelemnul
Zin
The Shining One
Beogh
Jiyva
Lugonu


Message History

Your lindwurm claws the soul eater but does no damage. x2
Your harpy claws the soul eater but does no damage. x2
The soul eater hits your harpy!
Your harpy is drained!
Your harpy claws the soul eater.
Your harpy claws the soul eater but does no damage.
The Executioner gestures at you. You resist with significant effort.
Your harpy claws the soul eater!
Your harpy claws the soul eater but does no damage.
The Executioner hits you!
* * * LOW HITPOINT WARNING * * *
The Executioner hits you!
* * * LOW HITPOINT WARNING * * *
You feel drained.
The Executioner hits you but does no damage.
Your harpy claws the soul eater but does no damage.
Your harpy claws the soul eater.
You feel much better. The Executioner hits you!!
* * * LOW HITPOINT WARNING * * *
You feel drained. The Executioner hits you.
You die...

▓..})|}...▓
▓..}?[)=..▓...=:=)..▓
▓.........▓.........▓
▓.........▓.........▓
▓.........▓......)..▓
▓...43....▓.........▓
▓...343H..▓.▓.....▓.▓
▓...21Hk..▓.........▓
▓.....@...▓▓▓▓▓▓▓▓▓▓▓
▓▓▓▓▓▓▓▓▓▓▓


You could see a balrug, an Executioner, a soul eater, an orange demon, a
hellwing, 2 smoke demons, a friendly lindwurm and 2 friendly harpies.

Vanquished Creatures
  A deep elf knight (D)
  A deep elf archer (D)
  2 deep elf magi (D)
  A toenail golem (D)
  A hell hound (D)
  2 earth elementals (D)
8 creatures vanquished.

Vanquished Creatures (collateral kills)
  A tentacled starspawn (D)
  A black sun (D)
  A wretched star (D)
  A deep elf archer (D)
  2 deep elf magi (D)
  3 toenail golems (D)
  An orange demon (D)
  2 hellwings (D)
  A wraith (D)
  An air elemental (D)
  2 nagas (D)
  3 insubstantial wisps (D)
  2 water moccasins (D)
  A floating eye (D)
  A small abomination (D)
  A phantom (D)
  An earth elemental (D)
  2 crimson imps (D)
  A quasit (D)
  An iron imp (D)
  2 adders (D)
  2 shadow imps (D)
  2 white imps (D)
  2 ufetubi (D)
  An ooze (D)
  An adder skeleton (D)
  3 bat skeletons (D)
  2 ball pythons (D)
  2 starspawn tentacles (D)
46 creatures vanquished.

Vanquished Creatures (others)
  A spectral weapon (D)
  3 starspawn tentacles (D)
4 creatures vanquished.

Grand Total: 58 creatures vanquished

Notes
Turn   | Place    | Note
-------+----------+-------------------------------------------
     0 | D        | potatolord6000 the Deep Elf Summoner began the quest for the Orb.
     0 | D        | Reached XP level 1. HP: 10/10 MP: 6/6
     0 | D        | Found a deep blue altar of Sif Muna.
     0 | D        | Found a bloodstained altar of Trog.
     0 | D        | Found a sacrificial altar of Ru.
     0 | D        | Found a stormy altar of Qazlal.
     0 | D        | Found an iron altar of Okawaru.
     4 | D        | Found a sparkling altar of Nemelex Xobeh.
     6 | D        | Found a corrupted altar of Lugonu.
     6 | D        | Found an ancient bone altar of Kikubaaqudgha.
     6 | D        | Found a burning altar of Makhleb.
     6 | D        | Found a transporter.
     6 | D        | Found a viscous altar of Jiyva.
     6 | D        | Found a hazy altar of Hepliaklqana.
    24 | D        | Became a worshipper of Sif Muna the Loreminder
    33 | D        | Found an opulent altar of Gozag.
    36 | D        | Found a blossoming altar of Fedhas.
    54 | D        | Reached skill level 4 in Spellcasting
    54 | D        | Reached skill level 5 in Summonings
    54 | D        | Reached XP level 2. HP: 17/17 MP: 6/9
    92 | D        | Entered arena 2.
    92 | D        | Noticed a floating eye
    92 | D        | Found a transporter.
    97 | D        | Killed a floating eye
    97 | D        | Reached * piety under Sif Muna
    97 | D        | Reached skill level 5 in Dodging
    97 | D        | Reached skill level 5 in Spellcasting
    97 | D        | Reached XP level 3. HP: 22/22 MP: 7/12
   101 | D        | Reached XP level 4. HP: 24/28 MP: 7/13
   147 | D        | Learned a level 3 spell: Call Canine Familiar
   152 | D        | Learned a level 4 spell: Summon Ice Beast
   155 | D        | Entered arena 3.
   155 | D        | Noticed a hell hound
   155 | D        | Found a transporter.
   161 | D        | Killed a hell hound
   161 | D        | Reached skill level 6 in Spellcasting
   161 | D        | Reached skill level 5 in Evocations
   161 | D        | Reached XP level 5. HP: 22/33 MP: 3/16
   282 | D        | Entered arena 4.
   282 | D        | Noticed a phantom
   282 | D        | Found a transporter.
   285 | D        | Reached ** piety under Sif Muna
   292 | D        | Killed a phantom
   292 | D        | Reached skill level 7 in Spellcasting
   298 | D        | Identified the Catalogue of Evil Secrets and the Snowflakes (You found it in the Dungeon)
   390 | D        | Entered arena 5.
   390 | D        | Noticed an insubstantial wisp
   390 | D        | Noticed an insubstantial wisp
   390 | D        | Noticed an insubstantial wisp
   390 | D        | Noticed an air elemental
   390 | D        | Found a transporter.
   394 | D        | Killed an air elemental
   394 | D        | Reached skill level 5 in Staves
   394 | D        | Reached XP level 6. HP: 36/39 MP: 1/18
   397 | D        | Killed an insubstantial wisp
   397 | D        | Reached *** piety under Sif Muna
   397 | D        | Reached skill level 8 in Spellcasting
   413 | D        | Killed an insubstantial wisp
   425 | D        | Killed an insubstantial wisp
   529 | D        | Entered arena 6.
   529 | D        | Noticed a tentacled starspawn
   529 | D        | Found a transporter.
   537 | D        | Reached skill level 5 in Fighting
   537 | D        | Reached XP level 7. HP: 24/44 MP: 6/21
   541 | D        | Killed a tentacled starspawn
   541 | D        | Reached **** piety under Sif Muna
   541 | D        | Reached skill level 10 in Spellcasting
   541 | D        | Reached XP level 8. HP: 29/52 MP: 2/24
   687 | D        | Entered arena 7.
   687 | D        | Noticed a toenail golem
   687 | D        | Noticed a toenail golem
   687 | D        | Noticed a toenail golem
   697 | D        | Found a transporter.
   702 | D        | Killed a toenail golem
   702 | D        | Reached skill level 10 in Dodging
   702 | D        | Reached skill level 11 in Spellcasting
   702 | D        | Reached skill level 10 in Summonings
   713 | D        | Reached ***** piety under Sif Muna
   718 | D        | Killed a toenail golem
   718 | D        | Received a gift from Sif Muna
   718 | D        | Reached XP level 9. HP: 57/57 MP: 5/26
   745 | D        | Killed a toenail golem
   776 | D        | Identified the Reference Book on Ensnaring Clay (You found it in the Dungeon)
   891 | D        | Learned a level 1 spell: Infusion
   895 | D        | Learned a level 3 spell: Spectral Weapon
   910 | D        | Entered arena 8.
   910 | D        | Noticed a toenail golem
   910 | D        | Noticed a toenail golem
   930 | D        | Found a transporter.
   941 | D        | Entered arena 9.
   941 | D        | Noticed a deep elf mage
   941 | D        | Noticed a deep elf knight
   941 | D        | Noticed a deep elf archer
   941 | D        | Noticed a deep elf mage
   941 | D        | Noticed a deep elf mage
   941 | D        | Noticed a deep elf mage
   941 | D        | Noticed a deep elf archer
   955 | D        | Found a transporter.
   958 | D        | Killed a deep elf knight
   958 | D        | Reached skill level 12 in Spellcasting
   958 | D        | Reached skill level 10 in Evocations
   958 | D        | Killed a toenail golem
   964 | D        | Killed a deep elf mage
   965 | D        | Killed a deep elf mage
   965 | D        | Reached XP level 10. HP: 57/64 MP: 3/28
   969 | D        | Killed a deep elf archer
   974 | D        | Killed a deep elf mage
   974 | D        | Reached skill level 10 in Staves
   988 | D        | Killed a deep elf mage
   988 | D        | Reached skill level 13 in Spellcasting
   995 | D        | Killed a deep elf archer
  1136 | D        | Entered arena 10.
  1140 | D        | Identified Sif Muna's Grimoire of Translocation and Summoning (Sif Muna gifted it to you in the Dungeon)
  1140 | D        | Received a gift from Sif Muna
  1156 | D        | Learned a level 7 spell: Monstrous Menagerie
  1162 | D        | Learned a level 5 spell: Summon Mana Viper
  1162 | D        | Found a transporter.
  1260 | D        | Entered arena 11.
  1260 | D        | Noticed a wretched star
  1277 | D        | Killed a wretched star
  1397 | D        | Found a transporter.
  1414 | D        | Learned a level 4 spell: Summon Lightning Spire
  1418 | D        | Learned a level 3 spell: Summon Guardian Golem
  1429 | D        | Entered arena 12.
  1429 | D        | Noticed an infernal black sun
  1429 | D        | Noticed a smoke demon
  1429 | D        | Noticed an orange demon
  1429 | D        | Noticed an orange demon
  1432 | D        | Noticed a balrug
  1432 | D        | Noticed an Executioner
  1432 | D        | Noticed a soul eater
  1434 | D        | Noticed a smoke demon
  1439 | D        | Killed an orange demon
  1441 | D        | Killed an infernal black sun
  1445 | D        | Slain by an Executioner

Skill      XL: |  1  2  3  4  5  6  7  8  9 10 |
---------------+-------------------------------+-----
Fighting       | 2 3 4 5 6 7 8 9 |  9.1
Staves         | 2 3 4 5 6 7 8 9 10 | 10.7
Dodging        | 4 5 6 7 8 9 10 11 12 | 12.8
Spellcasting   | 4 5 6 7 8 10 11 12 13 | 13.7
Summonings     | 5 6 7 8 9 10 11 12 | 12.4
Evocations     | 3 4 5 6 8 9 10 11 | 11.5
Stealth        | |  2.4

Action                   |  1- 3 |  4- 6 |  7- 9 | 10-12 || total
-------------------------+-------+-------+-------+-------++-------
Melee: Staff             |     8 |    19 |    10 |    23 ||    60
 Cast: Summon Small Mamm |     4 |       |       |       ||     4
       Summon Ice Beast  |       |     7 |    19 |     6 ||    32
       Call Canine Famil |       |     5 |     5 |     4 ||    14
       Spectral Weapon   |       |       |     3 |     3 ||     6
       Monstrous Menager |       |       |       |     6 ||     6
       Summon Mana Viper |       |       |       |     5 ||     5
       Summon Guardian G |       |       |       |     1 ||     1
Evoke: Wand              |       |     2 |    11 |       ||    13
       Crystal ball of e |       |     2 |       |     1 ||     3
       Staff of energy   |       |     1 |     5 |     2 ||     8
  Use: Potion            |     1 |     5 |     7 |     8 ||    21
       Scroll            |       |     1 |     4 |     2 ||     7
 Stab: Distracted        |       |       |       |     1 ||     1
  Eat: Meat ration       |       |       |       |     1 ||     1
Armor: Robe              |       |     2 |       |     4 ||     6
Dodge: Dodged            |     1 |    10 |    20 |    37 ||    68
